 Dungeon Crawl Stone Soup version 0.24.0-37-gcf1ca852f1 (webtiles) character file.

Game seed: 12765743846060291043, levelgen mode: deterministic

100 PentaManta the Slasher (level 4, -5/31 HPs)
             Began as an Octopode Fighter on Dec 5, 2019.
             Slain by Grinder (9 damage)
             ... on level 3 of the Dungeon.
             The game lasted 00:02:12 (1728 turns).

PentaManta the Slasher (Octopode Fighter)           Turns: 1728, Time: 00:02:13

Health: -5/31      AC:  1    Str: 15    XL:     4   Next: 73%
Magic:  4/4        EV: 11    Int: 10    God:
Gold:   111        SH:  8    Dex: 12    Spells: 3/3 levels left

rFire    . . .     SeeInvis .   e - +0 dagger
rCold    . . .     Gourm    .   b - +0 shield
rNeg     . . .     Faith    .   (helmet restricted)
rPois    .         Spirit   .   (no amulet)
rElec    .         Reflect  .   (no ring)
rCorr    .         Harm     .   (no ring)
MR       .....                  (no ring)
Stlth    ++........             (no ring)
HPRegen  0.10/turn              (no ring)
MPRegen  0.09/turn              (no ring)
                                (no ring)
                                (no ring)

@: no status effects
A: almost no armour, stealthy swim, amphibious, 8 rings, constrict 8, camouflage
1, gelatinous body 1
a: no special abilities


You were on level 3 of the Dungeon.
You were not hungry.

You visited 1 branch of the dungeon, and saw 3 of its levels.

You collected 111 gold pieces.

Inventory:

Hand Weapons
 a - a +0 long sword
 e - a +0 dagger (weapon)
Armour
 b - a +0 shield (worn)
Scrolls
 j - 2 scrolls of identify {unknown}
 k - a scroll of remove curse {unknown}
 l - 3 scrolls of amnesia {unknown}
 m - a scroll of fog {unknown}
 n - a scroll of immolation {unknown}
 q - a scroll of teleportation {unknown}
Potions
 c - a potion of might
 f - a potion of haste {unknown}
 g - a potion of magic {unknown}
 h - a potion of curing {unknown}
 i - a potion of heal wounds {unknown}
 o - a potion of mutation {unknown}
 r - a potion of lignification {unknown}
Comestibles
 d - 6 rations
 p - 3 chunks of flesh


   Skills:
 - Level 3.0 Fighting
 + Level 4.8 Long Blades
 - Level 3.0 Dodging
 - Level 3.0 Shields


You had 3 spell levels left.
You didn't know any spells.
Your spell library contained the following spells:

 Spells                   Type           Power        Failure   Level  Hunger
 Confusing Touch          Hex            #.....       87%         1    ##.....
 Corona                   Hex            #......      87%         1    ##.....
 Ensorcelled Hibernation  Hex/Ice        #.....       95%         2    ###....
 Confuse                  Hex            #.......     99%         3    ####...
 Dazzling Spray           Conj/Hex       #.....       99%         3    ####...
 Gell's Gravitas          Tloc           #.........   99%         3    ####...
 Tukima's Dance           Hex            #.......     99%         3    ####...
 Petrify                  Tmut/Erth      #.......     100%        4    #####..
 Metabolic Englaciation   Hex/Ice        #.........   100%        5    ######.
 Yara's Violent Unravell  Hex/Tmut       #.........   100%        5    ######.


Dungeon Overview and Level Annotations

Branches:
Dungeon (3/15)

Altars:

Annotations:
D:3 Grinder


Innate Abilities, Weirdness & Mutations

You cannot wear most types of armour.
You are very stealthy in the water. (Stealth+)
You are amphibious.
You can wear up to eight rings at the same time.
You can use your tentacles to constrict eight enemies at once.
Your skin changes colour to match your surroundings (Stealth+).
Your rubbery body absorbs attacks. (AC +1, EV +1)


Message History

You hit Grinder but do no damage.
Grinder is lightly wounded.
You constrict Grinder. Grinder hits you.
You writhe in agony.
* * * LOW HITPOINT WARNING * * *
You hit Grinder but do no damage.
Grinder is lightly wounded.
You constrict Grinder. You block Grinder's attack.
You hit Grinder but do no damage. You squeeze Grinder, but do no damage.
Grinder is lightly wounded.
You constrict Grinder. Grinder hits you.
* * * LOW HITPOINT WARNING * * *
You writhe in agony.
* * * LOW HITPOINT WARNING * * *
You hit Grinder.
Grinder is moderately wounded.
You constrict Grinder. You block Grinder's attack.
You hit Grinder.
Grinder is moderately wounded.
You constrict Grinder. Grinder hits you!
You die...

..# ..# ... #.# ##.##
### #... ..# #.5# #.#
#.@# #.# ###
######..#####.# ##.##
#..........##.# ##.#.##
...###......#.###.###.##
. #...............##.#
##......#.###.#.#.##
#........####...##
##.#######.....#.# #.#
#.##.#.###


You could see Grinder.

Vanquished Creatures
  Crazy Yiuf (D:2)
  A worker ant zombie (D:2)
  2 adders (D:2)
  2 worms (D:2)
  2 giant cockroaches (D:2)
  4 goblins
  5 hobgoblins
  6 kobolds
  A quokka (D:3)
  A ball python (D:2)
  3 bats
  2 frilled lizards (D:2)
  7 rats
37 creatures vanquished.

Notes
Turn   | Place    | Note
-------+----------+-------------------------------------------
     0 | D:1      | PentaManta the Octopode Fighter began the quest for the
                  | Orb.
     0 | D:1      | Reached XP level 1. HP: 16/16 MP: 1/1
    84 | D:1      | Reached XP level 2. HP: 14/21 MP: 2/2
   433 | D:2      | Reached skill level 3 in Long Blades
   759 | D:2      | Found a runed translucent door.
   760 | D:2      | Noticed Crazy Yiuf
   790 | D:2      | Reached XP level 3. HP: 15/26 MP: 3/3
  1092 | D:2      | Reached skill level 4 in Long Blades
  1096 | D:2      | Reached XP level 4. HP: 20/31 MP: 4/4
  1621 | D:2      | Killed Crazy Yiuf
  1677 | D:3      | Found a faded altar of an unknown god.
  1718 | D:3      | Noticed Grinder
  1728 | D:3      | Slain by Grinder

Levels and vault maps discovered:
D:1:      tarquinn_simple_flora_water_e, layout_rooms
D:2:      layout_loops_ring, uniq_crazy_yiuf_cottage
D:3:      kennysheep_the_goblin_king, layout_loops_corners,
          chequers_ecumenical_altar_simple_redux, first_ration,
          ebering_ghost_sewer_f, uniq_grinder

Skill      XL: |  1  2  3 |
---------------+----------+-----
Long Blades    | 3 4 |  4.8
Fighting       | |  3.0
Dodging        | |  3.0
Shields        | |  3.0

Action                   |  1- 3 |  4- 6 || total
-------------------------+-------+-------++-------
Melee: Dagger            |    54 |    34 ||    88
       Long sword        |     6 |       ||     6
       Tentacles         |    16 |     9 ||    25
       Constrict         |    17 |     7 ||    24
 Stab: Sleeping          |     3 |     4 ||     7
  Eat: Chunk             |       |     3 ||     3
Armor: Skin              |     4 |     1 ||     5
Dodge: Dodged            |    22 |     7 ||    29
Block: Shield            |    26 |    10 ||    36
       Rpst.: Long sword |     2 |       ||     2
